Kradschützen Motorcycle Team
Selects Battlefield Espionage Battlegroup
Construct Light Support Kompanie
Selects Intel Disruption Beacon
Selects 250/3 Funkpanzerwagen
Selects Anti-Tank Incendiary Munitions
Construct Panzerarmee Kommand
Selects Disruption Operation
Selects Operation Skorpion
Walking Stuka Rocket Launcher
Flak 36 Anti-tank Gun Team
Flak 36 Anti-tank Gun Team
Walking Stuka Rocket Launcher